 Dungeon Crawl Stone Soup version 0.19-a0-450-g98b348d (webtiles) character file.

66 tyrsky the Stinger (level 3, -2/14 HPs)
             Began as a Felid Venom Mage on June 1, 2016.
             Slain by a scorpion (9 damage)
             ... on level 3 of the Dungeon.
             The game lasted 00:10:43 (1144 turns).

tyrsky the Stinger (Felid Venom Mage)               Turns: 1144, Time: 00:10:43

Health: -2/14      AC:  1    Str:  5    XL:     3   Next: 96%
Magic:  5/7        EV: 18    Int: 16    God:
Gold:   22         SH:  0    Dex: 16    Spells: 3 memorised, 0 levels left
                                        Lives:  0   Deaths: 0

rFire  + . .     SeeInvis +       - Unarmed
rCold  . . .     Gourm    .     (armour unavailable)
rNeg   . . .     Faith    .     (shield unavailable)
rPois  .         Spirit   .     (helmet unavailable)
rElec  .         Dismiss  .     (cloak unavailable)
rCorr  .         Reflect  .     (gloves unavailable)
SustAt .         Harm     .     (boots unavailable)
MR     .....                    (no amulet)
Stlth  +++.......               (no ring)
                                f - ring of protection from fire

@: lethally poisoned (-2 -> -18), quick, not resistant to hostile enchantments,
fairly stealthy
A: no armour, no weapons or thrown items, claws 1, fangs 3, see invisible,
carnivore 3, speed 1, shaggy fur 1, slow metabolism 1, sharp paws
a: no special abilities


You were on level 3 of the Dungeon.
You were hungry.

You visited 1 branch of the dungeon, and saw 3 of its levels.

You collected 22 gold pieces.

Inventory:

Jewellery
 f - a ring of protection from fire (left paw)
Scrolls
 c - a scroll of remove curse {unknown}
 e - a scroll of fog {unknown}
 h - a scroll of teleportation {unknown}
 l - a scroll of fear {unknown}
 m - a scroll of magic mapping {unknown}
 n - a scroll of identify {unknown}
Potions
 j - a potion of curing {unknown}
 k - a potion of lignification {unknown}
Books
 a - a Young Poisoner's Handbook

   Spells                             Type                      Level
   a - Sting                          Conjuration/Poison           1
   b - Cure Poison                    Poison                       2
   c - Mephitic Cloud                 Conjuration/Poison/Air       3
   d - Olgreb's Toxic Radiance        Poison                       4
   e - Venom Bolt                     Conjuration/Poison           5
Comestibles
 b - a meat ration
 d - a slice of pizza


   Skills:
 - Level 2.6 Dodging
 + Level 3.2 Stealth
 + Level 1.7 Unarmed Combat
 - Level 2.0 Spellcasting
 * Level 2.1 Conjurations
 * Level 1.0 Air Magic
 - Level 3.6 Poison Magic


You couldn't memorise any spells.
You knew the following spells:

 Your Spells              Type           Power        Failure   Level  Hunger
a - Sting                 Conj/Pois      ##..         10%         1    #......
b - Cure Poison           Pois           ##........   10%         2    ###....
c - Mephitic Cloud        Conj/Pois/Air  #.......     28%         3    ###....


Dungeon Overview and Level Annotations

Branches:
Dungeon (3/15)

Altars:

Annotations:
D:1 exclusion: jackal


Innate Abilities, Weirdness & Mutations

You cannot wear armour.
You are incapable of wielding weapons or throwing items.
You have sharp claws.
You have razor-sharp teeth.
You have supernaturally acute eyesight. (SInv)
You are carnivorous and can eat meat at any time.
You cover ground quickly.
You are covered in fur. (AC +1)
You have a slow metabolism.
Your sharp claws are effective at attacking unaware monsters.


Message History

The scorpion is heavily wounded.
The scorpion stings you.
You are lethally poisoned!
The scorpion poisons you!
Casting: Sting
Confirm with . or Enter, or press ? or * to list all spells.
Aiming: Sting
Press: ? - help, Shift-Dir - straight line, f - scorpion
Aim: a scorpion (heavily wounded)
The sting misses the scorpion.
You feel sick. The scorpion misses you.
Casting: Sting
Confirm with . or Enter, or press ? or * to list all spells.
Aiming: Sting
Press: ? - help, Shift-Dir - straight line, f/p - scorpion
Aim: a scorpion (heavily wounded)
The sting hits the scorpion.
The scorpion is almost dead.
You feel sick. The scorpion stings you!
Ouch! That really hurt!
You die...

.. #..# .. ###.###
.. #.....# # .<
#######.....# .<
..
......$.....###..#
. ##..............
.. #..†###.......#
.. ###...?.......#
#. #....h......#
#...s........
#.l..........
....b..........
......###......
......# ......
......# ......
...... ......


You could see a scorpion, a bat (sleeping) and a giant newt.

Vanquished Creatures
  3 adders (D:3)
  2 worms (D:3)
  2 giant geckos (D:2)
  A ball python (D:3)
  3 giant cockroaches
  2 goblins
  2 hobgoblins
  5 jackals
  9 kobolds
  A giant newt (D:1)
  2 rats (D:2)
32 creatures vanquished.

Notes
Turn   | Place    | Note
--------------------------------------------------------------
     0 | D:1      | tyrsky the Felid Venom Mage began the quest for the Orb.
     0 | D:1      | Reached XP level 1. HP: 7/7 MP: 4/4
   100 | D:1      | Reached skill level 1 in Conjurations
   274 | D:1      | Reached XP level 2. HP: 9/11 MP: 4/6
   278 | D:1      | Learned a level 2 spell: Cure Poison
   562 | D:3      | Reached skill level 1 in Unarmed Combat
   637 | D:3      | Found a faded altar of an unknown god.
   788 | D:3      | Reached XP level 3. HP: 14/14 MP: 4/7
   834 | D:3      | Learned a level 3 spell: Mephitic Cloud
  1061 | D:3      | Reached skill level 1 in Air Magic
  1073 | D:3      | Noticed a scorpion
  1144 | D:3      | Slain by a scorpion

Vault maps used:
D:1:      tarquinn_simple_flora_water_a
D:2:      uniq_jessica
D:3:      ecumenical_altar_2, first_bread

Skill      XL: |  1  2  3 |
---------------+----------+-----
Conjurations   | 1 2 |  2.1
Stealth        | 3 |  3.2
Unarmed Combat | 1 |  1.7
Air Magic      | 1 |  1.0
Dodging        | |  2.6
Spellcasting   | |  2.0
Poison Magic   | |  3.6

Action                   || total
-------------------------++-------
Melee: Unarmed           ||    36
       Bite              ||     6
 Cast: Sting             ||    67
  Use: Potion            ||     2
 Stab: Sleeping          ||     1
Armor: Skin              ||     2
Dodge: Dodged            ||    35
